Unix NetHack Version 5.0.0-0 post-release - last build May 10 2026 23:12:36 (d1fa5d53e341ca933230fdaa984d921c805b60aa,branch:main).

Game began 2026-05-13 18:10:16, ended 2026-05-13 18:25:46.

BeardyHaddock, lawful female dwarven Valkyrie

                                                                    ---
                                             -----                 --.-
     ----                                  ---^|.--                ....
     |.@---                                |......|                ....
     |....|                                |......|              --....
     |....|                 |....-         --.....|              -.....
     |..--- -..             -.....          |.*...|      ----..--....--
     |..    ....            .....-          ---^..---    .........--
    --.-    ...--           ....--            |.|....----.......---
    |..|    ....--         ....              --.|--.%....|...-..--
    |..|    .^.....        -...              |..| --..--.|-......-
    -..--   -......--     --..-           ..--.--      |.--.......
    ....--- -......>--- --....           |.<....       |....--....
    ..|...| ......|...---.^..-           .=.....       |.*..|
      ---.--.--..---.........|           -.-....--     ------
        |....|..--  -........-             ......|
        --.*--.--   |.........              -.%..-
         |..%..|    ----......              .....
         --..---       -----.-              -*...
                           ---              ---

BeardyHaddock the Skirmisher  St:18 Dx:13 Co:20 In:8 Wi:8 Ch:8  Lawful
Dlvl:4  $:156 HP:36(36) Pw:0(0) AC:6  Xp:3 T:1347  Hungry  

Latest messages:
 The grid bug bites!
 You get zapped!
 You miss the grid bug.
 The grid bug bites!
 You get zapped!
 You kill the grid bug!
 The grid bug bites!
 You get zapped!
 You kill the grid bug!
 You float slightly lower.
 You wobble unsteadily in the air.
 You float gently to the floor.
 You see here 2 green gems.
 You see here 2 green gems.
 s - 2 green gems.
 The little dog misses it.
 The little dog bites the green mold.
 The little dog is splashed by the green mold's acid!
 You miss the green mold.
 You kill the green mold!
 You swap places with your little dog.
 An arrow shoots out at you!
 You are hit by an arrow!
 t - a food ration.
 You stop.  Your little dog doesn't want to swap places.
 You see here a yellowish brown gem.
 You see here a yellowish brown gem.
 u - a yellowish brown gem.
 You swap places with your little dog.
 You swap places with your little dog.
 You swap places with your little dog.
 Suddenly, the little dog falls through a trap door.
 Pick a monster, object or location.
 Move cursor to a monster, object or location:
 A trap door opens up under you!
 You hear some noises in the distance.
 You hear some noises in the distance.
 You are beginning to feel hungry.
 You swap places with the peaceful gnome.
 You feel your magical energy drain away!
 You see here a food ration.
 You swap places with the peaceful gnome lord.
 You see here a white gem.
 You hear some noises in the distance.
 Really quit without saving? [yn] (n) y
 Do you want your possessions identified? [ynq] (y) n
 Do you want to see your attributes? [ynq] (y) n
 Do you want an account of creatures vanquished? [ynaq] (y) n
 Do you want to see your conduct and achievements? [ynq] (y) n
 Do you want to see the dungeon overview? [ynq] (y) y

Inventory:
 Coins    ('$')
  $ - 156 gold pieces
 Weapons  (')')
  i - 10 poisoned +0 orcish arrows
  b - a +0 dagger (alternate weapon; not wielded)
  a - a +1 dwarvish spear (weapon in right hand)
 Armor    ('[')
  c - an uncursed +3 small shield (being worn)
 Comestibles  ('%')
  d - 3 uncursed food rations
  t - a cursed food ration
  l - an uncursed pancake
  e - an uncursed tripe ration
 Scrolls  ('?')
  m - an uncursed scroll of create monster
  n - an uncursed scroll of destroy armor
 Spellbooks  ('+')
  o - an uncursed spellbook of cause fear
 Rings    ('=')
  p - an uncursed +1 ring of adornment
 Tools    ('(')
  j - an uncursed leash
 Gems/Stones  ('*')
  q - an uncursed diamond
  s - 2 uncursed worthless pieces of green glass
  k - 2 uncursed worthless pieces of yellow glass
  u - an uncursed worthless piece of yellowish brown glass

BeardyHaddock the Valkyrie's attributes:

Background:
 You were a Skirmisher, a level 3 dwarven Valkyrie.
 You were lawful, nominally on a mission for Tyr
 who was opposed by Odin (neutral) and Loki (chaotic).
 You were right-handed.
 You were in the Gnomish Mines, on level 4.
 You entered the dungeon 1347 turns ago.
 You had 46 experience points, 34 more were needed to attain level 4.

Basics:
 You had all 36 hit points.
 You had no energy points (spell power).
 Your armor class was 6.
 Your wallet contained 156 zorkmids.
 Autopickup was off.

Final Characteristics:
 Your strength was 18 (limit:18/100).
 Your dexterity was 13 (limit:20).
 Your constitution was 20 (limit:20).
 Your intelligence was 8 (limit:16).
 Your wisdom was 8 (limit:16).
 Your charisma was 8 (limit:16).

Final Status:
 You were hungry.
 You were unencumbered.
 You were wielding a spear.
 You had basic skill with spear.

Final Attributes:
 You were devoutly aligned.
 You were cold resistant.
 You had infravision.
 You were stealthy.
 You survived.

Miscellaneous:
 You didn't encounter any bones levels.
 Total elapsed playing time was 15 minutes and 27 seconds.

Major events:
 Turn
    1: BeardyHaddock the lawful dwarven Valkyrie entered the dungeon
  754: entered the Gnomish Mines
 1122: attained the rank of Skirmisher (level 3)
 1347: quit

You didn't know any spells.

Skills:
 Fighting Skills
   bare handed combat [Unskilled]
   two weapon combat  [Unskilled]
   riding             [Unskilled]
 Weapon Skills
   dagger             [Basic]
   axe                [Unskilled]
   pick-axe           [Unskilled]
   short sword        [Unskilled]
   broadsword         [Unskilled]
   long sword         [Unskilled]
   two-handed sword   [Unskilled]
   saber              [Unskilled]
   hammer             [Unskilled]
   quarterstaff       [Unskilled]
   polearms           [Unskilled]
   spear              [Basic]
   trident            [Unskilled]
   lance              [Unskilled]
   sling              [Unskilled]
 Spellcasting Skills
   attack spells      [Unskilled]
   escape spells      [Unskilled]

Voluntary challenges:
 Character rerolling was not enabled.
 You were an atheist.
 You never genocided any monsters.
 You never polymorphed an object.
 You never changed form.
 You used no wishes.
Achievements:
 You entered a shop.
 You entered the Gnomish Mines.
 You attained the rank of Skirmisher.

 The Dungeons of Doom: levels 1 to 2
    Level 1:
       An altar, many fountains, a sink.
    Level 2:
       A ring shop.
       Stairs down to The Gnomish Mines.
 The Gnomish Mines: levels 3 to 4
    Level 3:
    Level 4: <- You were here.


Vanquished creatures:
  a shrieker
  a homunculus
 an iguana
  a hobbit
  a hobgoblin
  a yellow mold
  a green mold
  5 gnomes
  a gecko
  3 jackals
  2 foxes
  4 grid bugs
  2 lichens
  4 newts
28 creatures vanquished.

No species were genocided or became extinct.

Farvel BeardyHaddock the Valkyrie...

You quit in The Gnomish Mines on dungeon level 4 with 500 points,
and 156 pieces of gold, after 1347 moves.
You were level 3 with a maximum of 36 hit points when you quit.

